 Dungeon Crawl Stone Soup version 0.30.2 (webtiles) character file.

Game seed: 1456468181749246822

312 porpoise the Trooper (level 6, -8/47 HPs)
             Began as a Djinni Earth Elementalist on Feb 13, 2024.
             Mangled by an ogre
             ... wielding a +0 giant club
              (11 damage)
             ... on level 5 of the Dungeon.
             The game lasted 00:15:01 (3566 turns).

porpoise the Trooper (Djinni Earth Elementalist)    Turns: 3566, Time: 00:15:01

Health: -8/47      AC:  5    Str:  7    XL:     6   Next: 71%
Gold:   145        EV: 12    Int: 24    God:
                   SH:  0    Dex: 14

rFire   + + .        a - +0 short sword
rCold   x . .        (no shield)
rNeg    . . .        f - +0 robe
rPois   ∞            n - +0 helmet
rElec   .            j - +0 cloak
rCorr   .            v - +0 pair of gloves
SInv    .            (boots unavailable)
Will    .....        (no amulet)
Stlth   ++           c - +6 ring of intelligence
HPRegen 0.27/turn    (no ring)
MPRegen 0.00/turn

%: infuse magic (-9 HP)
@: flying
A: sickness immunity, fire resistance 2, cold vulnerability 1, float, innate
caster, HP casting, extra vitality 1
a: no special abilities


You were on level 5 of the Dungeon.
You visited 1 branch of the dungeon, and saw 5 of its levels.

You collected 145 gold pieces.

Inventory:

Hand Weapons
 a - a +0 short sword (weapon)
 b - a +0 sling
Missiles
 t - a throwing net
Armour
 f - a +0 robe (worn)
 j - a +0 cloak (worn)
 n - a +0 helmet (worn)
 v - a +0 pair of gloves (worn)
Jewellery
 c - a +6 ring of intelligence (left hand)
Wands
 s - a wand of flame (28)
Scrolls
 d - a scroll of immolation {unknown}
 e - a scroll of fog {unknown}
 h - a scroll of enchant weapon {unknown}
 i - a scroll of noise {unknown}
 k - 2 scrolls of teleportation
 l - a scroll of silence {unknown}
 r - a scroll of fear {unknown}
Potions
 g - a potion of haste
 m - a potion of lignification
 o - a potion of invisibility
 p - a potion of attraction


   Skills:
 + Level 4.2 Fighting
 - Level 2.1 Dodging
 - Level 1.5 Stealth
 + Level 4.1 Spellcasting


You knew the following spells:

 Your Spells              Type           Power      Damage    Failure   Level
a - Sandblast             Erth           50%        2d12      1%          1
b - Passwall              Tmut/Erth      20%        N/A       2%          2
c - Stone Arrow           Conj/Erth      50%        3d10      5%          3
d - Petrify               Tmut/Erth      25%        N/A       17%         4
e - Shock                 Conj/Air       100%       1d9       1%          1
f - Scorch                Fire           50%        2d7       2%          2
Your spell library was empty.

Dungeon Overview and Level Annotations

Branches:
Dungeon (5/15)
 Temple: D:4-7

Altars:
Dithmenos
Wu Jian
The Shining One

Shops:
D:1 (


Innate Abilities, Weirdness & Mutations

You are immune to sickness and miasma.
You are immune to poison.
Your flesh is very heat resistant. (rF++)
You are vulnerable to cold. (rC-)
You float through the air rather than walking.
You learn spells naturally, not from books.
Your magical power is your life essence.
You have superior vitality. (+4 MHP)


Message History

You shoot a sling bullet. The sling bullet hits the ogre.
The ogre is lightly wounded.
You shoot a sling bullet. The sling bullet hits the ogre.
The ogre is lightly wounded.
The ogre stops moving altogether!
a - a +0 short sword (weapon)
Found a scroll labelled TEIREIPRYI.
Things that are here:
a +0 mace; a +0 chain mail; a jackal corpse The helpless ogre fails to defend itself.
You hit the ogre.
The ogre is lightly wounded.
The helpless ogre fails to defend itself.
You hit the ogre.
The ogre is lightly wounded.
The helpless ogre fails to defend itself.
You hit the ogre.
The ogre is moderately wounded.
The helpless ogre fails to defend itself.
You puncture the ogre!
The ogre is moderately wounded.
The helpless ogre fails to defend itself.
You hit the ogre.
The ogre is heavily wounded.
The ogre is no longer petrified.
The ogre barely misses you.
You hit the ogre.
The ogre is heavily wounded.
The ogre hits you with a +0 giant club!!
Ouch! That really hurt!
* * * LOW HITPOINT WARNING * * *
You hit the ogre.
The ogre is severely wounded.
You hit the ogre.
The ogre is severely wounded.
The ogre hits you with a +0 giant club!
* * * LOW HITPOINT WARNING * * *
You hit the ogre.
The ogre is almost dead.
The ogre hits you with a +0 giant club!
You die...

#.....)....
..........
.........?
##.........
#.........#
#..†).....#
#.†.O.....#
#.<@......#
#.........#
##.......##
##.....##
#######


You could see an ogre.

Vanquished Creatures
  An ogre (D:5)
  A howler monkey (D:4)
  An iguana (D:4)
  Robin (D:2)
  5 adders
  2 worms
  6 orcs
  7 endoplasms
  2 giant cockroaches
  16 goblins
  9 hobgoblins
  6 jackals
  5 quokkas
  8 ball pythons
  3 bats
  6 frilled lizards
  9 kobolds
  3 rats
91 creatures vanquished.

Notes
Turn   | Place    | Note
-------+----------+-------------------------------------------
     0 | D:1      | porpoise the Djinni Earth Elementalist began the quest for
                  | the Orb.
     0 | D:1      | porpoise set off with the following spells memorised:
                  | Sandblast, Passwall, Stone Arrow, Petrify.
     0 | D:1      | Reached XP level 1. HP: 15/15 MP: 0/0
    32 | D:1      | Found Pekarph's Antique Weapon Emporium.
   349 | D:1      | Reached XP level 2. HP: 22/22 MP: 0/0
   360 | D:1      | Reached skill level 1 in Fighting
   438 | D:1      | Found a faded altar of an unknown god.
   868 | D:2      | Reached XP level 3. HP: 27/27 MP: 0/0
   868 | D:2      | Learned a level 1 spell: Shock
  1127 | D:2      | Noticed Robin
  1134 | D:2      | Killed Robin
  1258 | D:2      | Reached XP level 4. HP: 32/33 MP: 0/0
  1964 | D:3      | Reached XP level 5. HP: 39/40 MP: 0/0
  1964 | D:3      | Learned a level 2 spell: Scorch
  2205 | D:3      | Found a glowing golden altar of the Shining One.
  2382 | D:3      | Found a shadowy altar of Dithmenos.
  2769 | D:4      | Reached XP level 6. HP: 45/46 MP: 0/0
  3409 | D:4      | Found an ornate altar of the Wu Jian Council.
  3434 | D:5      | Entered Level 5 of the Dungeon
  3530 | D:5      | Noticed an ogre
  3534 | D:5      | Killed an ogre
  3549 | D:5      | Noticed an ogre
  3566 | D:5      | Mangled by an ogre

Illustrated notes

Levels and vault maps discovered:
D:1:      dpeg_arrival_radiant, layout_basic, basic_ecumenical_altar,
          serial_shops, shop
D:2:      layout_loops_cross, serial_forest, infiniplex_forest_corner_1,
          infiniplex_forest_lined_1, infiniplex_forest_straight_4,
          infiniplex_forest_clump_C, infiniplex_forest_zigzag_1,
          infiniplex_forest_lined_corner, infiniplex_forest_lined_corner,
          uniq_robin
D:3:      layout_rooms, mainiacjoe_overflow_chevrons, tso_oasis_becter
D:4:      layout_layer_cave, nicolae_wu_jian_immortal_techniques
D:5:      layout_rooms, minmay_temple_entry_trees, uniq_sigmund

Skill      XL: |  1  2  3  4  5  6 |
---------------+-------------------+-----
Fighting       | 1 2 3 4 |  4.2
Spellcasting   | 3 4 |  4.1
Dodging        | |  2.1
Stealth        | |  1.5

Action                     |  1- 3 |  4- 6 || total
---------------------------+-------+-------++-------
  Melee: Dagger            |     1 |       ||     1
         Short sword       |     2 |    19 ||    21
   Fire: Sling             |       |    30 ||    30
   Cast: Sandblast         |    44 |    62 ||   106
         Shock             |       |     1 ||     1
         Scorch            |       |     9 ||     9
         Stone Arrow       |       |     6 ||     6
         Petrify           |       |     1 ||     1
  Evoke: Wand              |       |     1 ||     1
    Use: Scroll            |     3 |     5 ||     8
         Potion            |     2 |       ||     2
   Stab: Sleeping          |     2 |       ||     2
         Petrified         |       |     5 ||     5
 Armour: Robe              |    17 |    17 ||    34
  Dodge: Dodged            |    16 |    37 ||    53
